 Dungeon Crawl Stone Soup version 0.29.1-15-g9cfb28693d (webtiles) character file.

Game seed: 2030546041521039682

68115 LLlMATKO the Fighter (level 14, 0/133 HPs)
             Began as a Minotaur Berserker on Apr 17, 2023.
             Was a High Priest of Trog.
             Slain by an orc knight
             ... wielding a +1 glaive of flaming
              (1 damage)
             ... on level 2 of the Orcish Mines.
             The game lasted 00:35:54 (29482 turns).

LLlMATKO the Fighter (Minotaur Berserker)          Turns: 29482, Time: 00:35:55

Health: 0/133      AC: 17    Str: 19      XL:     14   Next: 85%
Magic:  13/13      EV: 20    Int:  4 (7)  God:    Trog [*****.]
Gold:   2389       SH: 25    Dex: 16      Spells: 13/13 levels left

rFire   + + .      SeeInvis .   T - +1 war axe (flame)
rCold   + . .      Faith    .   K - +1 tower shield {rF+}
rNeg    . . .      Spirit   .   U - +0 swamp dragon scales
rPois   +          Reflect  +   w - +0 hat {Int+3}
rElec   .          Harm     .   (no cloak)
rCorr   .          Rampage  .   F - +2 pair of gloves {Dex+3}
Will    ++...                   n - +1 pair of boots {Stlth+}
Stlth   ++........              B - amulet of Suntouji {Reflect +Inv rC++ Str-5 SH+5}
HPRegen 0.32/turn               z - ring "Asucwil" {Fire Will+}
MPRegen 0.13/turn               g - +4 ring of evasion

@: about to teleport, on berserk cooldown, slowed, very slow
A: horns 2, retaliatory headbutt
a: Renounce Religion, Evoke Invisibility, Berserk, Trog's Hand, Brothers in Arms


You were on level 2 of the Orcish Mines.
You worshipped Trog.
Trog was extremely pleased with you.
You visited 3 branches of the dungeon, and saw 19 of its levels.
You also visited: Bailey.

You collected 2519 gold pieces.
You spent 130 gold pieces at shops.

Inventory:

Hand Weapons
 D - the +7 mace of the Walnut {venom, Int+6}
   (You found it on level 5 of the Dungeon)

   It poisons the flesh of those it strikes.
   Int:       It affects your intelligence (+6).
 R - the +7 spear of Ancient Evil {vorpal, Fly rF+++ Str-2}
   (You took it off a spriggan on level 3 of the Lair of Beasts)

   It inflicts extra damage upon your enemies.
   Str:       It affects your strength (-2).
   rF:        It renders you almost immune to fire.
   Fly:       It grants you flight.
 T - a +1 war axe of flaming (weapon)
Missiles
 d - 3 throwing nets
 e - 4 datura-tipped darts
 u - 4 javelins
 v - 30 poisoned darts (quivered)
 y - 19 curare-tipped darts
 J - 39 boomerangs
 Q - 4 atropa-tipped darts
Armour
 n - a +1 pair of boots of stealth (worn)
 w - a +0 hat of intelligence (worn)
 F - a +2 pair of gloves of dexterity (worn)
 K - a +1 tower shield of fire resistance (worn)
 P - a +2 ring mail of willpower
 U - +0 swamp dragon scales (worn)
Jewellery
 c - a ring of see invisible
 f - a ring of protection from cold
 g - a +4 ring of evasion (right hand)
 t - a ring of protection from fire
 z - the ring "Asucwil" (left hand) {Fire Will+}
   (You bought it in a shop on level 4 of the Dungeon)

   [ring of fire]

   It enhances your fire magic.
   rF:        It protects you from fire.
   rC:        It makes you vulnerable to cold.
   Will:      It increases your willpower.
 B - the amulet of Suntouji (around neck) {Reflect +Inv rC++ Str-5 SH+5}
   (You found it on level 1 of the Lair of Beasts)

   [amulet of reflection]

   It reflects blocked missile attacks.
   Str:       It affects your strength (-5).
   rC:        It greatly protects you from cold.
   +Inv:      It lets you turn invisible.
   SH:        It affects your SH (+5).
 X - a ring of resist corrosion
 Y - an amulet of guardian spirit
Wands
 a - a wand of iceblast (26)
 N - a wand of digging (6)
 O - a wand of mindburst (17)
 S - a wand of polymorph (3)
 V - a wand of paralysis (9)
 Z - a wand of flame (9)
Scrolls
 i - a scroll of magic mapping
 l - a scroll of butterflies
 m - 7 scrolls of enchant armour
 o - a scroll of identify
 p - 2 scrolls of poison
 s - 2 scrolls of summoning
 E - a scroll of enchant weapon
 W - a scroll of blinking
Potions
 b - a potion of magic
 h - 2 potions of invisibility
 j - 3 potions of flight
 k - 4 potions of heal wounds
 r - 4 potions of cancellation
 x - 2 potions of haste
 H - 8 potions of curing
 I - 6 potions of might
 L - a potion of ambrosia
 M - 2 potions of resistance


   Skills:
 + Level 14.9 Fighting
 - Level 9.0(11.7) Axes
 + Level 12.0(13.2) Maces & Flails
 + Level 14.6 Armour
 + Level 13.4 Dodging
 + Level 13.8 Shields


You had 13 spell levels left.
You didn't know any spells.
Your spell library was empty.

Dungeon Overview and Level Annotations

Branches:
Dungeon (12/15)            Temple (0/1) D:7            Lair (5/5) D:10
 Shoals (0/4) Lair:3        Snake (0/4) Lair:2        Slime (0/5) Lair:5
    Orc (2/2) D:9             Elf (0/3) Orc:2        Bailey (visited)

Altars:
Hepliaklqana
Makhleb
Nemelex Xobeh
Ru
Sif Muna
Xom

Shops:
D:4 *   D:6 =   Orc:2 *??

Annotations:
D:6 2 transporters, gargbit's ghost, novice DsHu
D:7 3 runed translucent doors, kthxbai's ghost, novice OpTm


Innate Abilities, Weirdness & Mutations

You have a pair of horns on your head.
You reflexively headbutt those who attack you in melee.


Message History

The demonspawn closely misses you. You furiously retaliate!
You headbutt the demonspawn, but do no damage.
The demonspawn claws you. You block the demonspawn's attack.
An orc high priest comes into view. It is wielding a +0 flail.
The orc knight misses you.
The orc knight hits you with a +0 war axe!
* * * LOW HITPOINT WARNING * * *
The sun demon completely misses you. You furiously retaliate!
You headbutt the sun demon, but do no damage.
The orc knight completely misses you. The demonspawn barely misses you.
You block the demonspawn's attack. The demonspawn closely misses you.
The orc high priest mumbles some strange prayers to Beogh.
You block the orc knight's attack.
The orc knight roars a battlecry!
The orcs go into a battle-frenzy!
Unknown command.
As you read the scroll of teleportation, it crumbles to dust.
You feel strangely unstable.
The orc warrior no longer looks unusually strong.
The neqoxec disappears in a puff of smoke!
You block the sun demon's attack.
The sun demon hits you but does no damage.
You block the demonspawn's attack. The demonspawn closely misses you.
You block the demonspawn's attack.
The orc knight roars a battlecry!
The orc knight completely misses you. You block the orc knight's attack.
The sun demon attacks as you move away! You block the sun demon's attack.
An orc sorcerer comes into view. It is wielding a +0 dagger.
You block the orc knight's attack.
The orc knight hits you with a +3 great sword!
* * * LOW HITPOINT WARNING * * *
You block the orc knight's attack. The sun demon closely misses you.
You furiously retaliate!
You headbutt the sun demon, but do no damage.
The orc knight hits you but does no damage.
You block the orc knight's attack.
The orc knight hits you with a +1 glaive of flaming!!
* * * LOW HITPOINT WARNING * * *
The orc knight burns you.
You die...

#...............)))...........
##............................
##...........#................ #
#...........###............... ##
##.#.......#####..............
.###......#..###.###.............
..#.........###...###............
.....#.#..####.....###...........
....#########.#o@6#.###..........
#...## ##..6o3o...###.........
##...## ##.))#)#o#...###........
##....# ##...##o§o#*...###.......
#....####...##§.#.3#*...*##......
.....###.).##..###3o#*..,*##.....
....###(#.##..#*∩*#..#*.*,*##....
...###).)##..#*,,,*#..*#...*##..#
....###.#)##.,*∩,∩*,.##.#.###...#


You could see 2 demonspawn, 3 orc knights, an orc high priest (strong), a sun
demon (summoned), a sixfirhy (summoned), a neqoxec (summoned), an orc sorcerer
(strong) and 2 orc warriors.

Vanquished Creatures
  Gastronok (Lair:1)
  An orc warlord (Orc:2)
  Nessos (Lair:5)
  A dire elephant (Lair:1)
  A boulder beetle (Lair:3)
  The ghost of Discosetron the Eclecticist, a journeyman DjCj of Makhleb (Orc:2)
  Erica (D:11)
  5 hydras
  2 catoblepae (Lair:1)
  2 two-headed ogres
  4 orc high priests (Orc:2)
  A fire crab (Lair:5)
  Sonja (D:11)
  Amaemon (Lair:1)
  2 lindwurms
  4 orc knights (Orc:2)
  2 deep elf pyromancers (D:12)
  5 orc sorcerers
  5 cyclopes
  6 black mambas
  An elephant (Lair:1)
  3 molten gargoyles (Lair:5)
  12 cane toads
  2 orange demons
  7 komodo dragons
  5 rime drakes
  Maggie (D:7)
  2 unseen horrors (D:12)
  3 polar bears
  7 trolls
  4 merfolk (Lair:3)
  A hornet (D:7)
  31 blink frogs
  5 slime creatures (D:12)
  11 dream sheep (Lair:3)
  Sigmund (D:2)
  A shadow (D:11)
  A wraith (D:11)
  4 fire bats (D:9)
  6 wyverns
  3 basilisks
  21 yaks
  2 neqoxecs (Orc:2)
  2 steam dragons
  3 vampire mosquitoes (D:12)
  A chaos spawn (Orc:2)
  3 nagas (Lair:2)
  2 wargs (Orc:2)
  Duvessa (D:6)
  14 water moccasins
  5 hell hounds
  A black bear (D:6)
  2 ice beasts
  35 orc warriors
  A boggart (Lair:3)
  A sky beast (D:8)
  26 wolves
  5 ogres
  6 centaurs
  2 phantoms
  Blork the orc (D:6)
  8 kobold brigands
  8 bullfrogs
  A gnoll sergeant (D:9)
  3 scorpions
  11 wights
  Dowan (D:6)
  5 killer bees (D:9)
  7 electric eels
  A howler monkey (D:12)
  7 lava snakes
  24 orc priests
  8 hounds
  3 gnoll boudas
  A jelly (D:6)
  2 iguanas
  13 orc wizards
  19 gnolls
  14 adders
  A shadow imp (D:5)
  3 white imps
  An ufetubus (D:5)
  A worm (D:2)
  4 dart slugs
  89 orcs
  6 ball pythons
  4 endoplasms
  8 giant cockroaches
  6 hobgoblins
  4 jackals (D:4)
  2 quokkas
  7 bats
  3 frilled lizards
  12 goblins
  28 kobolds
  3 rats
  A fire vortex (D:9)
611 creatures vanquished.

Vanquished Creatures (collateral kills)
  The ghost of Ruicvywi the Grappler, a journeyman OgTm of Okawaru (Lair:3)
  A fire dragon (Lair:5)
  2 spriggans (Lair:3)
  An orc knight (Orc:2)
  A hornet (Lair:3)
  A polar bear (Lair:3)
  3 orc warriors (Orc:2)
  2 orc priests (Orc:2)
  2 orcs (Orc:2)
14 creatures vanquished.

Vanquished Creatures (others)
  An unseen horror (D:11)
  2 fire vortices (D:9)
  27 fungi
  65 plants
  9 toadstools (Lair:1)
104 creatures vanquished.

Grand Total: 729 creatures vanquished

Notes
Turn   | Place    | Note
-------+----------+-------------------------------------------
     0 | D:1      | LLlMATKO the Minotaur Berserker began the quest for the
                  | Orb.
     0 | D:1      | Reached XP level 1. HP: 19/19 MP: 0/0
     2 | D:1      | Noticed a draconian
     4 | D:1      | Noticed a meteoran
     4 | D:1      | Noticed a ghoul
     6 | D:1      | Noticed a demigod
     6 | D:1      | Noticed a spriggan
     8 | D:1      | Noticed a vine stalker
     8 | D:1      | Noticed a felid
    10 | D:1      | Noticed a palentonga
    10 | D:1      | Noticed a demonspawn
    12 | D:1      | Noticed a human
    12 | D:1      | Noticed a tengu
    14 | D:1      | Noticed a troll
    14 | D:1      | Noticed a formicid
    16 | D:1      | Noticed an elf
    16 | D:1      | Noticed a minotaur
    18 | D:1      | Noticed an octopode
    18 | D:1      | Noticed a naga
    20 | D:1      | Noticed an ogre
    22 | D:1      | Noticed a gargoyle
    22 | D:1      | Noticed a merfolk
    24 | D:1      | Noticed a vampire
    26 | D:1      | Noticed a draconian
    26 | D:1      | Noticed a human
   210 | D:1      | Found a faded altar of an unknown god.
   312 | D:1      | Reached XP level 2. HP: 24/27 MP: 1/1
   688 | D:2      | Noticed Sigmund
   695 | D:2      | Killed Sigmund
   696 | D:2      | Reached XP level 3. HP: 5/35 MP: 2/2
   696 | D:2      | Reached XP level 4. HP: 6/41 MP: 3/3
   696 | D:2      | Reached XP level 5. HP: 7/47 MP: 4/4
  1671 | D:2      | Reached skill level 5 in Axes
  1673 | D:2      | Reached skill level 5 in Fighting
  1923 | D:2      | Reached ** piety under Trog
  2484 | D:3      | Reached XP level 6. HP: 55/56 MP: 5/5
  3567 | D:4      | Found Jazxos's Assorted Antiques.
  3577 | D:4      | Bought a scorched ivory ring for 130 gold pieces
  3577 | D:4      | Identified the ring "Asucwil" {Fire Will+} (You bought it
                  | in a shop on level 4 of the Dungeon)
  3802 | D:4      | Reached skill level 1 in Shields
  4314 | D:5      | Entered Level 5 of the Dungeon
  4320 | D:5      | Reached XP level 7. HP: 32/61 MP: 6/6
  4335 | D:5      | Reached skill level 5 in Armour
  4471 | D:5      | You fall into a shaft and drop 1 floor!
  4516 | D:5      | Identified the +7 mace of the Walnut {venom, Int+6}
  4684 | D:5      | Identified the +1 robe of Resilience {Dex+4}
  4711 | D:5      | Reached skill level 5 in Dodging
  4713 | D:5      | Reached *** piety under Trog
  4931 | D:5      | Reached XP level 8. HP: 71/71 MP: 7/7
  5319 | D:6      | Noticed Blork the orc
  5324 | D:6      | Killed Blork the orc
  5629 | D:6      | Found a shimmering altar of Xom.
  5673 | D:6      | Reached **** piety under Trog
  5735 | D:6      | Found a shimmering altar of Xom.
  5742 | D:6      | Found a shimmering altar of Xom.
  5743 | D:6      | Found a shimmering altar of Xom.
  5835 | D:6      | Reached skill level 5 in Shields
  5961 | D:6      | Found a transporter.
  5965 | D:6      | Noticed gargbit's ghost (novice DsHu)
  6001 | D:6      | Found a transporter.
  6034 | D:6      | Found a sparkling altar of Nemelex Xobeh.
  6040 | D:6      | Reached XP level 9. HP: 75/79 MP: 8/8
  6116 | D:6      | Found Jateviusk's Jewellery Emporium.
  6149 | D:6      | Noticed Duvessa
  6149 | D:6      | Noticed Dowan
  6156 | D:6      | Killed Duvessa
  6162 | D:6      | Killed Dowan
  6703 | D:7      | Found a flagged portal.
  6722 | Bailey   | Entered a bailey
  7443 | Bailey   | Found an iron altar of Okawaru.
  7687 | D:7      | Found a runed translucent gate.
  7687 | D:7      | Found a runed translucent gate.
  7687 | D:7      | Found a runed translucent gate.
  7688 | D:7      | Noticed kthxbai's ghost (novice OpTm)
  7688 | D:7      | Noticed a kobold demonologist
  7888 | D:7      | Noticed Maggie
  7909 | D:7      | Killed Maggie
  7910 | D:7      | Reached XP level 10. HP: 84/90 MP: 9/9
  7929 | D:7      | Found a staircase to the Ecumenical Temple.
  9298 | D:8      | Reached skill level 1 in Maces & Flails
 10956 | D:9      | Reached ***** piety under Trog
 11054 | D:9      | Found a staircase to the Orcish Mines.
 12094 | D:10     | Entered Level 10 of the Dungeon
 12105 | D:10     | Noticed a two-headed ogre
 12131 | D:9      | Killed a two-headed ogre
 12132 | D:9      | Reached skill level 10 in Fighting
 12132 | D:9      | Reached XP level 11. HP: 99/99 MP: 10/10
 12323 | D:10     | Noticed a two-headed ogre
 12334 | D:10     | Killed a two-headed ogre
 12622 | D:10     | Found a shimmering blue altar of Sif Muna.
 13140 | D:10     | Reached skill level 10 in Armour
 13535 | D:10     | Found a staircase to the Lair.
 13612 | D:10     | Found a burning altar of Makhleb.
 13661 | D:10     | Reached skill level 5 in Maces & Flails
 14079 | D:10     | Found a sacrificial altar of Ru.
 14204 | D:10     | Found a sacrificial altar of Ru.
 14215 | D:10     | Found a shimmering blue altar of Sif Muna.
 14330 | D:10     | Found a burning altar of Makhleb.
 14447 | D:10     | Found a staircase to the Lair.
 15623 | D:11     | Noticed Erica
 15624 | D:11     | Noticed Sonja
 15630 | D:11     | Killed Sonja
 15637 | D:11     | Killed Erica
 16237 | D:12     | Reached skill level 10 in Dodging
 16404 | D:12     | Noticed a deep elf pyromancer
 16420 | D:12     | Killed a deep elf pyromancer
 16421 | D:12     | Reached XP level 12. HP: 110/110 MP: 8/11
 16423 | D:12     | Reached skill level 10 in Shields
 17419 | Lair:1   | Entered Level 1 of the Lair of Beasts
 17476 | Lair:1   | Noticed a catoblepas
 17493 | Lair:1   | Killed a catoblepas
 17695 | Lair:1   | Noticed Amaemon
 17712 | Lair:1   | Killed Amaemon
 17900 | Lair:1   | Noticed a dire elephant
 17900 | Lair:1   | Noticed a catoblepas
 17922 | Lair:1   | Found a runed translucent door.
 18409 | Lair:1   | Noticed Gastronok
 18426 | Lair:1   | Killed Gastronok
 18950 | Lair:1   | Killed a catoblepas
 18985 | Lair:1   | Killed a dire elephant
 19066 | Lair:1   | Identified the amulet of Suntouji {Reflect +Inv rC++ Str-5
                  | SH+5}
 19518 | Lair:2   | Noticed a four-headed hydra
 19527 | Lair:2   | Killed a one-headed hydra
 19648 | Lair:2   | Reached XP level 13. HP: 119/119 MP: 12/12
 19683 | Lair:2   | Found a staircase to the Snake Pit.
 19848 | Lair:2   | You fall into a shaft and drop 2 floors!
 19907 | Lair:3   | Found a hazy altar of Hepliaklqana.
 20465 | Lair:2   | Found a staircase to the Snake Pit.
 21142 | Lair:3   | Found a staircase to the Shoals.
 21382 | Lair:3   | Found a runed translucent door.
 21434 | Lair:3   | Identified the +7 spear of Ancient Evil {vorpal, Fly rF+++
                  | Str-2}
 21997 | Lair:3   | Noticed Ruicvywi's ghost (journeyman OgTm)
 22093 | Lair:3   | Killed Ruicvywi's ghost
 22198 | Lair:4   | Reached skill level 10 in Maces & Flails
 24085 | Lair:5   | Entered Level 5 of the Lair of Beasts
 24254 | Lair:5   | Found a staircase to the Slime Pits.
 24467 | Lair:5   | Reached XP level 14. HP: 128/130 MP: 11/13
 24969 | Lair:5   | Noticed Nessos
 25014 | Lair:5   | Killed Nessos
 25162 | Lair:5   | Identified the +5 quarterstaff "Huadghin" {vorpal, +Blink
                  | rElec rF+ rN+++}
 25194 | Lair:5   | Received a gift from Trog
 25346 | Lair:5   | Found a large runed translucent door.
 26392 | Lair:5   | Found a large runed translucent door.
 26798 | Orc:1    | Entered Level 1 of the Orcish Mines
 27063 | Orc:2    | Entered Level 2 of the Orcish Mines
 27071 | Orc:2    | Found a runed translucent gate.
 27071 | Orc:2    | Noticed an orc warlord
 27071 | Orc:2    | Noticed Discosetron's ghost (journeyman DjCj)
 27074 | Orc:2    | Found a runed translucent gate.
 27075 | Orc:2    | Found a runed translucent gate.
 27108 | Orc:2    | Killed Discosetron's ghost
 27120 | Orc:2    | Killed an orc warlord
 27123 | Orc:2    | HP: 3/133 [orc knight/+0 war axe (15)]
 27416 | Orc:2    | Identified the -2 cloak of the Dice {+Blink rPois Will-
                  | rCorr}
 27497 | Orc:2    | Found Leliek's General Store.
 27666 | Orc:2    | Found a staircase to the Elven Halls.
 28539 | Orc:2    | Found Miqat's Magic Scroll Shoppe.
 28556 | Orc:2    | Found Bicloemn's Magic Scroll Emporium.
 28930 | Orc:2    | Received a gift from Trog
 29482 | Orc:2    | HP: 1/133 [orc knight/+1 glaive of flaming (28)]
 29482 | Orc:2    | Slain by an orc knight

Illustrated notes

Levels and vault maps discovered:
D:1:      kb_arrival_jail, layout_rooms, basic_ecumenical_altar
D:2:      layout_basic, guppyfry_early_orc_mine, uniq_sigmund
D:3:      layout_basic
D:4:      layout_basic, serial_shops, nicolae_lakefront_shop,
          nicolae_concentric_dashed_squares_mild
D:5:      layout_loops_ring
D:6:      layout_basic, marbit_many_paths, xom_redecorated,
          gammafunk_ghost_stat_death, minmay_tree_intersection,
          reono_crystal_passage, nicolae_inconvenience_store,
          uniq_blork_the_orc, uniq_duvessa
D:7:      layout_basic, minmay_temple_entry_statues_pillars, enter_bailey_5,
          gammafunk_ghost_nasty_kobolds, serial_rivers,
          chequers_serial_rivers_small_a, chequers_serial_rivers_small_a,
          chequers_serial_rivers_room_b, chequers_serial_rivers_large_b,
          uniq_maggie
D:8:      layout_basic, grunt_decor_fettered
D:9:      layout_roguey, hiddenorc1_lemuel, hangedman_incinerator
D:10:     layout_long_grid, mainiacjoe_overflow_catch_the_wave, bloody_makhleb,
          erik_lair_island
D:11:     layout_rooms, uniq_sonja, uniq_erica
D:12:     layout_irregular_city
Lair:1:   gammafunk_lair_enchanted_lake, layout_cave_pods, uniq_amaemon,
          uniq_gastronok
Lair:2:   layout_cave_shapes, guppyfry_snake_entry_garden, columned_hall_lemuel,
          fungi_pond_lemuel
Lair:3:   layout_hall_layers, elwin_shoals_entry_stream, basic_altar,
          ebering_ghost_funeral_grove, grunt_megastairs_2
Lair:4:   layout_long_grid, infiniplex_staircase_pool_2
Lair:5:   cheibrodos_lair_end_hotspot, layout_loops_ring, slime_entry_1,
          uniq_nessos
Orc:1:    layout_caves
Orc:2:    pf_orc_diabolical, layout_diamond_mine, biasface_ghost_orc_armoury,
          serial_shops, nicolae_shop_crystal, hellmonk_bongcloud_opening,
          kennysheep_orc_chapel

Skill      XL: |  1  2  3  4  5  6  7  8  9 10 11 12 13 14 |
---------------+-------------------------------------------+-----
Fighting       | 4 5 6 7 8 10 11 12 13 14 | 14.9
Axes           | 4 5 6 7 8 9 |  9.0
Armour         | 3 4 5 7 8 9 11 12 13 14 | 14.6
Dodging        | 3 4 5 6 7 8 10 11 12 13 | 13.4
Shields        | 1 3 5 6 8 9 11 12 13 | 13.8
Maces & Flails | 4 6 8 10 12 | 12.0

Action                   |  1- 3 |  4- 6 |  7- 9 | 10-12 | 13-15 || total
-------------------------+-------+-------+-------+-------+-------++-------
Melee: Hand axe          |    34 |    85 |       |       |       ||   119
       Headbutt          |     5 |    18 |    39 |   139 |   192 ||   393
       Broad axe         |       |    36 |     4 |       |       ||    40
       Punch             |       |     1 |       |       |       ||     1
       Mace              |       |       |   250 |   319 |   116 ||   685
       War axe           |       |       |       |   287 |   616 ||   903
Throw: Stone             |       |     1 |     4 |       |       ||     5
       Javelin           |       |       |     4 |       |       ||     4
       Dart              |       |       |     1 |    12 |    11 ||    24
Invok: Berserk           |     1 |     3 |     4 |    14 |    10 ||    32
       Trog's Hand       |       |       |       |       |     5 ||     5
       Brothers in Arms  |       |       |       |       |     5 ||     5
  Use: Scroll            |       |       |     3 |    15 |    13 ||    31
       Potion            |       |       |       |       |     1 ||     1
 Stab: Sleeping          |     1 |     1 |       |       |       ||     2
       Petrified         |       |       |       |     6 |       ||     6
       Petrifying        |       |       |       |     1 |       ||     1
       Distracted        |       |       |       |       |     1 ||     1
Armor: Animal skin       |    12 |     5 |       |       |       ||    17
       Ring mail         |       |    20 |     5 |       |       ||    25
       Chain mail        |       |       |   111 |       |       ||   111
       Plate armour      |       |       |    13 |    95 |       ||   108
       Swamp dragon scal |       |       |       |   169 |   102 ||   271
Dodge: Dodged            |    27 |   101 |    92 |   367 |   416 ||  1003
Block: Buckler           |       |       |    13 |       |       ||    13
       Tower shield      |       |       |   170 |   605 |   903 ||  1678
       Reflection        |       |       |       |       |     8 ||     8
